 Dungeon Crawl Stone Soup version 0.19-a0-1803-g97ff39f (webtiles) character file.

261 MrRokkomies the Cutter (level 5, 0/27 HPs)
             Began as a Spriggan Abyssal Knight on Oct 5, 2016.
             Was a Priest of Lugonu.
             Slain by a gnoll
             ... wielding a +0 flail
              (11 damage)
             ... on level 3 of the Dungeon on Oct 6, 2016.
             The game lasted 00:08:45 (2631 turns).

MrRokkomies the Cutter (Spriggan Abyssal Knight)    Turns: 2631, Time: 00:08:45

Health: 0/27       AC:  2    Str:  8    XL:     5   Next: 96%
Magic:  7/7        EV: 19    Int: 14    God:    Lugonu [***...]
Gold:   145        SH:  8    Dex: 16    Spells: 1 memorised, 3 levels left

rFire  . . .     SeeInvis +     a - +2 dagger (drain)
rCold  + . .     Gourm    .     b - +0 robe
rNeg   . . .     Faith    .     h - +2 buckler
rPois  +         Spirit   .     (helmet restricted)
rElec  .         Dismiss  .     (no cloak)
rCorr  .         Reflect  .     (gloves unavailable)
MR     .....     Harm     .     (boots unavailable)
Stlth  +.........               (no amulet)
                                m - ring of protection from cold
                                l - ring of poison resistance

@: very quick
A: unfitting armour, see invisible, herbivore 3, speed 3, slow metabolism 2
a: Depart the Abyss, Bend Space, Banish, Renounce Religion


You were on level 3 of the Dungeon.
You worshipped Lugonu.
Lugonu was most pleased with you.
You were not hungry.

You visited 1 branch of the dungeon, and saw 3 of its levels.
You visited the Abyss 1 time.

You collected 145 gold pieces.

Inventory:

Hand Weapons
 a - a +2 dagger of draining (weapon)
 o - a +0 rapier of holy wrath
Missiles
 e - 3 needles of sleeping
 j - 16 poisoned needles
Armour
 b - a +0 robe (worn)
 h - a +2 buckler (worn)
Jewellery
 l - a ring of poison resistance (left hand)
 m - a ring of protection from cold (right hand)
Wands
 n - a wand of acid (11/15)
Scrolls
 d - 5 scrolls of teleportation
Potions
 g - 3 potions of magic
 i - a potion of heal wounds
 k - a potion of lignification
Books
 r - a book of Necromancy

   Spells                             Type                      Level
   a - Pain                           Necromancy                   1
   b - Animate Skeleton               Necromancy                   1
   c - Vampiric Draining              Necromancy                   3
   d - Regeneration                   Charms/Necromancy            3
   e - Animate Dead                   Necromancy                   4
   f - Control Undead                 Necromancy                   4
Comestibles
 c - 3 bread rations
 f - 7 fruits


   Skills:
 - Level 2.4 Fighting
 * Level 5.2 Short Blades
 - Level 4.0 Dodging
 * Level 2.7 Shields
 - Level 1.7 Invocations


You had 3 spell levels left.
You knew the following spells:

 Your Spells              Type           Power        Failure   Level  Hunger
a - Pain                  Necr           #...         38%         1    ##.....


Dungeon Overview and Level Annotations

Branches:
Dungeon (3/15)

Altars:


Innate Abilities, Weirdness & Mutations

You are very small and have problems with some larger weapons.
You are too small for most types of armour.
You have supernaturally acute eyesight. (SInv)
You are a herbivore.
You cover ground extremely quickly.
You need consume almost no food.


Message History

A gnoll comes into view. It is wielding a flail.
The gnoll shouts!
You hit the gnoll. You drain the gnoll!
The gnoll is heavily wounded.
The gnoll hits you.
You hit the gnoll. You drain the gnoll!
You kill the gnoll!
Lugonu accepts your kill.
You see here a club.
You hit the gnoll.
The gnoll is moderately wounded.
The gnoll hits you with a flail!
You are too injured to fight recklessly!
You are too injured to fight recklessly!
You are too injured to fight recklessly!
You are too injured to fight recklessly!
You hit the gnoll. You drain the gnoll!
The gnoll is almost dead.
The gnoll hits you with a flail!
You die...

#........+.....................
#.#...####........†..........##
#.##.## ##.......######.######
#.##########.....## #.#8#8#8
#...........#...## #.#.#.#.
###..######.##'#########.......
#..# ####.##.........#.#.#.#.
#..# #.....g......##.#.#8#8#8
##..###.##.##@(###.##.#.######
##..........#...###......#
#....÷#.#.##.....#####.###
#......###.##.........)#
#.....#.#.####.#########
##...###.## #.# ##### ### #.#
#.# #.#


You could see a gnoll.

Vanquished Creatures
  A scorpion (D:3)
  Ijyb (D:3)
  A hound skeleton (D:3)
  A worker ant zombie (D:3)
  3 gnolls (D:3)
  7 adders
  An adder zombie (D:3)
  A worm (D:2)
  A dart slug (D:1)
  3 leopard geckos
  An orc (D:3)
  2 bats
  2 giant cockroaches
  11 goblins
  7 hobgoblins
  2 jackals (D:2)
  6 kobolds
  2 quokkas (D:2)
  A ball python skeleton (D:3)
  6 frilled lizards
  A jackal skeleton (D:3)
  3 leopard gecko skeletons (D:3)
  A leopard gecko zombie (D:3)
  3 rats
68 creatures vanquished.

Notes
Turn   | Place    | Note
-------+----------+-------------------------------------------
     0 | Abyss:1  | MrRokkomies the Spriggan Abyssal Knight began the quest for the Orb.
     0 | Abyss:1  | Reached XP level 1. HP: 11/11 MP: 3/3
    78 | D:1      | Escaped the Abyss
   608 | D:1      | Reached XP level 2. HP: 16/16 MP: 4/4
  1010 | D:2      | Reached skill level 3 in Short Blades
  1108 | D:2      | Reached skill level 1 in Shields
  1108 | D:2      | Reached XP level 3. HP: 18/19 MP: 5/5
  1168 | D:2      | Reached ** piety under Lugonu
  1550 | D:2      | Reached XP level 4. HP: 23/23 MP: 6/6
  1729 | D:3      | Reached skill level 4 in Short Blades
  1832 | D:3      | Reached XP level 5. HP: 21/27 MP: 7/7
  2332 | D:3      | Reached *** piety under Lugonu
  2347 | D:3      | Learned a level 1 spell: Pain
  2527 | D:3      | Noticed Ijyb
  2544 | D:3      | Killed Ijyb
  2544 | D:3      | Reached skill level 5 in Short Blades
  2631 | D:3      | Slain by a gnoll

Vault maps used:
D:1:      lemuel_arrival_river_bridge
D:2:      serial_park_tiny_2
D:3:      serial_undead, serial_undead_c, serial_undead_a, serial_undead_f,
          serial_undead_a, serial_undead_a, serial_undead_e,
          minmay_misc_feat_hallway, uniq_iyjb

Skill      XL: |  1  2  3  4  5 |
---------------+----------------+-----
Dodging        | 4 |  4.0
Short Blades   | 3 4 5 |  5.2
Shields        | 1 2 |  2.7
Fighting       | |  2.4
Invocations    | |  1.7

Action                   |  1- 3 |  4- 6 || total
-------------------------+-------+-------++-------
Melee: Short sword       |    27 |       ||    27
       Dagger            |    70 |   132 ||   202
       Rapier            |     9 |     9 ||    18
  Use: Scroll            |       |     6 ||     6
 Stab: Sleeping          |     2 |       ||     2
Armor: Robe              |     3 |     3 ||     6
Dodge: Dodged            |    50 |    71 ||   121
Block: Buckler           |    26 |    23 ||    49
